 Dungeon Crawl Stone Soup version 0.22.1-1-ga44c0e56f4 (webtiles) character file.

809 Inquisition the Slasher (level 7, -3/62 HPs)
             Began as a Minotaur Abyssal Knight on Oct 3, 2018.
             Was a Priest of Lugonu.
             Slain by a killer bee (6 damage)
             ... on level 5 of the Dungeon.
             The game lasted 00:39:03 (3777 turns).

Inquisition the Slasher (Minotaur Abyssal Knight)   Turns: 3777, Time: 00:39:04

Health: -3/62      AC: 12    Str: 17 (19) XL:     7   Next: 61%
Magic:  0/7        EV:  9    Int:  7 (9)  God:    Lugonu [***...]
Gold:   240        SH:  0    Dex:  6 (9)  Spells: 6/6 levels left

rFire    + . .     SeeInvis .   I - +1 hand axe (pain)
rCold    . . .     Gourm    .   (no shield)
rNeg     . . .     Faith    .   s - +0 chain mail {rC+}
rPois    .         Spirit   +   (helmet restricted)
rElec    .         Reflect  .   (no cloak)
rCorr    .         Harm     .   y - +0 pair of gloves
MR       .....                  A - +0 pair of boots (curse)
Stlth    ..........             l - amulet of guardian spirit
HPRegen  0.20/turn              m - +2 ring of evasion
MPRegen  0.10/turn              G - ring of fire

@: lethally poisoned (-3 -> -14), invisible
A: retaliatory headbutt, horns 2
a: Depart the Abyss, Bend Space, Banish, Renounce Religion


You were on level 5 of the Dungeon.
You worshipped Lugonu.
Lugonu was most pleased with you.
You were not hungry.

You visited 1 branch of the dungeon, and saw 5 of its levels.
You visited the Abyss 1 time.

You collected 240 gold pieces.

Inventory:

Hand Weapons
 a - a +1 falchion
 f - a +0 short sword
 h - a +0 spear
 j - a +0 mace
 k - a +0 hunting sling
 o - a +0 whip
 p - a +0 club
 v - a +0 hand axe
 w - a +0 flail
 z - a +1 antimagic short sword
 F - a +0 antimagic spear
 I - a +1 hand axe of pain (weapon)
Missiles
 n - 149 stones (quivered)
 t - 65 arrows
 u - 12 bolts
 D - 5 javelins
Armour
 b - a +1 leather armour
 q - a +0 ring mail
 r - a +0 ring mail
 s - a +0 chain mail of cold resistance (worn)
 y - a +0 pair of gloves (worn)
 A - a cursed +0 pair of boots (worn)
 B - a +0 scale mail
 J - a +0 scale mail
 K - a +0 leather armour
Jewellery
 l - an amulet of guardian spirit (around neck)
 m - a +2 ring of evasion (left hand)
 G - a ring of fire (right hand)
Wands
 C - a wand of flame (27)
Scrolls
 d - 7 scrolls of identify
 g - a scroll of remove curse
 i - a scroll of blinking
 H - a scroll of fear
Potions
 e - a potion of agility
 x - a potion of berserk rage
Comestibles
 c - 18 rations


   Skills:
 + Level 5.8 Fighting
 + Level 7.5 Long Blades
 + Level 5.4 Armour
 + Level 2.3 Dodging
 + Level 2.1 Invocations


You had 6 spell levels left.
You didn't know any spells.
Your spell library was empty.

Dungeon Overview and Level Annotations

Branches:
Dungeon (5/15)             Temple (0/1) D:4

Altars:
Ashenzari
Okawaru
Trog
Vehumet

Annotations:
D:5 1 runed door


Innate Abilities, Weirdness & Mutations

You reflexively headbutt those who attack you in melee.
You have a pair of horns on your head.


Message History

* * * LOW HITPOINT WARNING * * *
You feel sick. The killer bee barely misses you.
The worker ant bites you but does no damage.
* * * LOW HITPOINT WARNING * * *
You feel sick.
The killer bee stings you but does no damage.
* * * LOW HITPOINT WARNING * * *
You feel sick. The killer bee stings you.
* * * LOW HITPOINT WARNING * * *
You are more poisoned.
The killer bee poisons you! The worker ant closely misses you.
You furiously retaliate!
You headbutt the worker ant.
* * * LOW HITPOINT WARNING * * *
You feel sick. The killer bee stings you.
* * * LOW HITPOINT WARNING * * *
It was a potion of invisibility.
You fade into invisibility!
* * * LOW HITPOINT WARNING * * *
You feel sick. The killer bee stings you!
You die...

#..... ########## #.....
#.....^... #...#....#######
#########. #...#....#s.b..# .#
####. #...#....†sasb.+ ..#
###.... #...#...†#.a...# ...#
#...### #...#...s#######....#
#.### #...#...aa..a.......# #.#
#...#.....a.y@......####.#
#...########s########....##
#######.##...##.# #..##......####
..###...####.##.###.###.........#
#........###.##.....# #.........#
...#)###..##...#.######..#.##...#
...#.# ##.....>..........†......#
.....#########..................#
.......##### #........#######...#


You could see 4 worker ants, a killer bee and 2 giant cockroaches.

Vanquished Creatures
  A sky beast (D:5)
  3 eyes of draining (D:4)
  An ogre (D:5)
  A scorpion (D:4)
  A bullfrog skeleton (D:4)
  A hound (D:4)
  An iguana (D:4)
  2 worker ants
  A hound zombie (D:5)
  A hound skeleton (D:4)
  6 adders
  2 worms
  2 dart slugs
  7 leopard geckos
  3 orcs
  A ball python (D:3)
  12 giant cockroaches
  5 goblins
  8 hobgoblins
  9 jackals
  A quokka (D:2)
  14 bats
  3 frilled lizards
  11 kobolds
  A quokka skeleton (D:4)
  6 rats
104 creatures vanquished.

Vanquished Creatures (others)
  5 toadstools (D:1)
5 creatures vanquished.

Grand Total: 109 creatures vanquished

Notes
Turn   | Place    | Note
-------+----------+-------------------------------------------
     0 | Abyss:1  | Inquisition the Minotaur Abyssal Knight began the quest for
                  | the Orb.
     0 | Abyss:1  | Reached XP level 1. HP: 19/19 MP: 1/1
    36 | Abyss:3  | Noticed a tentacled starspawn
    36 | D:1      | Escaped the Abyss
    51 | D:1      | Reached * piety under Lugonu
   227 | D:1      | Reached XP level 2. HP: 25/27 MP: 0/2
   849 | D:2      | Reached XP level 3. HP: 34/34 MP: 3/3
   855 | D:2      | Reached ** piety under Lugonu
   925 | D:2      | Reached skill level 3 in Long Blades
  1005 | D:2      | Found a bloodstained altar of Trog.
  1291 | D:2      | Reached XP level 4. HP: 33/41 MP: 2/4
  1559 | D:2      | Found an iron altar of Okawaru.
  1820 | D:3      | Reached *** piety under Lugonu
  1867 | D:3      | Reached skill level 4 in Long Blades
  1913 | D:3      | Found a shattered altar of Ashenzari.
  2268 | D:4      | Reached skill level 5 in Fighting
  2268 | D:4      | Reached XP level 5. HP: 17/48 MP: 2/5
  2656 | D:4      | Found a staircase to the Ecumenical Temple.
  2852 | D:4      | Found a radiant altar of Vehumet.
  2873 | D:4      | Reached skill level 5 in Long Blades
  3110 | D:4      | Reached XP level 6. HP: 50/56 MP: 4/6
  3159 | D:4      | Found a bloodstained altar of Trog.
  3180 | D:4      | Reached skill level 6 in Long Blades
  3210 | D:4      | Reached XP level 7. HP: 61/61 MP: 1/7
  3262 | D:5      | Entered Level 5 of the Dungeon
  3360 | D:5      | Reached skill level 7 in Long Blades
  3360 | D:5      | Reached skill level 5 in Armour
  3748 | D:5      | Found a runed door.
  3751 | D:5      | Found a runed door.
  3776 | D:5      | HP: 3/62 [killer bee (1)]
  3777 | D:5      | Slain by a killer bee

Skill      XL: |  1  2  3  4  5  6  7 |
---------------+----------------------+-----
Fighting       | 4 5 |  5.8
Invocations    | 2 |  2.1
Long Blades    | 3 4 5 6 7 |  7.5
Armour         | 3 4 5 |  5.4
Dodging        | 2 |  2.3

Action                   |  1- 3 |  4- 6 |  7- 9 || total
-------------------------+-------+-------+-------++-------
Melee: Falchion          |   100 |   163 |       ||   263
       Headbutt          |    12 |    33 |     5 ||    50
       Hand axe          |       |       |    48 ||    48
       Spear             |       |       |    16 ||    16
Throw: Stone             |     3 |       |       ||     3
Invok: Depart the Abyss  |     1 |       |       ||     1
  Use: Scroll            |     6 |     3 |     1 ||    10
       Potion            |     2 |     3 |     2 ||     7
  Eat: Chunk             |     1 |     3 |     2 ||     6
       Ration            |       |     1 |       ||     1
Armor: Leather armour    |     6 |       |       ||     6
       Ring mail         |    13 |       |       ||    13
       Chain mail        |    37 |    88 |    50 ||   175
Dodge: Dodged            |    67 |    69 |    38 ||   174
       Rpst.: Falchion   |    22 |    18 |       ||    40
